 Dungeon Crawl Stone Soup version 0.29-a0-993-g4a18f31a58 (webtiles) character file.

Game seed: 670565199575518897

3217 Mesmaeker13 the Grappler (level 9, -5/132 HPs)
             Began as a Troll Berserker on Aug 2, 2022.
             Was a Priest of Trog.
             Slain by Prince Ribbit (9 damage)
             ... on level 7 of the Dungeon.
             The game lasted 00:07:07 (5640 turns).

Mesmaeker13 the Grappler (Troll Berserker)          Turns: 5640, Time: 00:07:08

Health: -5/132     AC: 24    Str: 29    XL:     9   Next: 65%
Magic:  0/8        EV:  1    Int:  5    God:    Trog [***...]
Gold:   347        SH:  0    Dex:  9    Spells: 8/8 levels left

rFire   . . .      SeeInvis .     - Unarmed
rCold   + . .      Faith    .   (no shield)
rNeg    . . .      Spirit   +   (body armour currently unavailable)
rPois   +          Reflect  .   (helmet currently unavailable)
rElec   .          Harm     .   (cloak currently unavailable)
rCorr   +          Rampage  .   (gloves unavailable)
Will    .....      NoTele   +   (boots unavailable)
Stlth   +.........              d - amulet of guardian spirit
HPRegen 1.12/turn               b - ring of protection from cold
MPRegen 0.11/turn               w - ring of resist corrosion

@: tree-form, slowed, very slow
A: stationary, stasis, torment immunity, boosted hp, large, unfitting armour,
(claws 3), regeneration 1, (shaggy fur 1), (tough skin 1)
a: Renounce Religion, Berserk, Trog's Hand


You were on level 7 of the Dungeon.
You worshipped Trog.
Trog was most pleased with you.
You were a tree.
You visited 1 branch of the dungeon, and saw 7 of its levels.

You collected 347 gold pieces.

Inventory:

Hand Weapons
 u - the +10 short sword of Compound Interest {holy, rC+ rN+ Will+ Int+3}
   (You found it on level 5 of the Dungeon)

   It has been blessed by the Shining One to cause great damage to the undead
   and demons.
   Int:       It affects your intelligence (+3).
   rC:        It protects you from cold.
   rN:        It protects you from negative energy.
   Will:      It increases your willpower.
Missiles
 q - 5 poisoned darts
 t - 4 javelins (quivered)
Armour
 a - a +0 animal skin (melded)
 r - a +0 cloak (melded)
Jewellery
 b - a ring of protection from cold (left branch)
 d - an amulet of guardian spirit (around neck)
 w - a ring of resist corrosion (right branch)
Wands
 i - a wand of paralysis (8)
Scrolls
 c - a scroll of immolation
 e - a scroll of fear {unknown}
 f - 7 scrolls of teleportation
 g - 4 scrolls of noise {unknown}
 j - 2 scrolls of enchant armour
 l - a scroll of magic mapping
 v - a scroll of fog {unknown}
 x - a scroll of vulnerability {unknown}
 y - a scroll of enchant weapon {unknown}
Potions
 h - 2 potions of curing
 k - a potion of invisibility {unknown}
 m - a potion of resistance {unknown}
 n - a potion of attraction
 o - 2 potions of lignification
 p - a potion of magic {unknown}
 s - a potion of ambrosia {unknown}


   Skills:
 + Level 5.1 Fighting
 + Level 3.6 Throwing
 + Level 5.8 Dodging
 - Level 1.5 Stealth
 + Level 8.3 Unarmed Combat
 + Level 4.0 Evocations


You had 8 spell levels left.
You didn't know any spells.
Your spell library was empty.

Dungeon Overview and Level Annotations

Branches:
Dungeon (7/15)
 Temple: D:4-7

Altars:
Ashenzari
Dithmenos
Elyvilon
Fedhas
Gozag
Hepliaklqana
Kikubaaqudgha
Sif Muna
Uskayaw
Yredelemnul
Lugonu

Shops:
D:4 :

Portals:
Abyss: D:7

Annotations:
D:6 exclusion: 2 doors
D:7 2 runed translucent doors, Prince Ribbit


Innate Abilities, Weirdness & Mutations

You are a tree.
Your roots penetrate the ground, keeping you stationary.
You cannot be teleported.
You are immune to unholy pain and torment.
Your maximum health is greatly increased.
Your equipment is partially melded.
You are too large for most types of armour.
((You have claws for hands.))
Your natural rate of healing is unusually fast.
((You are covered in fur. (AC +1)))
((You have tough skin. (AC +1)))


Message History

You closely miss the hornet.
The hornet is moderately wounded.
You feel sick. The hornet stings you.
* * * LOW HITPOINT WARNING * * *
Prince Ribbit blinks!
The hornet stings you but does no damage.
You closely miss the hornet.
The hornet is moderately wounded.
You feel sick.
The hornet stings you but does no damage.
The hornet stings you.
* * * LOW HITPOINT WARNING * * *
Prince Ribbit sighs, "It's not easy being green!"
You pummel the hornet!!
The hornet is almost dead.
Your skin stops crawling.
You feel less strong-willed.
You feel sick. The hornet stings you.
* * * LOW HITPOINT WARNING * * *
The hornet stings you but does no damage.
There are monsters nearby!
There are monsters nearby!
You hit the hornet.
You kill the hornet!
Trog accepts your kill.
You feel sick.
You are no longer poisoned.
Prince Ribbit blinks!
Prince Ribbit hits you but does no damage.
Your Evocations skill increases to level 4!
You cannot move.
Prince Ribbit is nearby!
Unknown command.
You cannot move.
Prince Ribbit is nearby!
You cannot move.
You barely miss Prince Ribbit. Prince Ribbit hits you!
* * * LOW HITPOINT WARNING * * *
Prince Ribbit hits you but does no damage.
You barely miss Prince Ribbit. Prince Ribbit hits you!
You die...

#.........#.#.########
##.######>._..........
#.# #.#.#.######## #.#
#.....# #.# #######
#.# #.# #.########.#
#...♣F.....#
#..######### #..# #..#
#..# #..# #..# #...


You could see Prince Ribbit.

Vanquished Creatures
  2 hornets
  Eustachio (D:6)
  A yak (D:6)
  A steam dragon (D:7)
  2 ogres (D:4)
  3 ice beasts
  2 black bears (D:6)
  A centaur (D:7)
  A phantom (D:4)
  A necrophage (D:6)
  A gnoll sergeant (D:6)
  6 scorpions
  5 wights (D:6)
  A howler monkey (D:6)
  A centaur zombie (D:5)
  2 hounds
  5 orc priests
  Crazy Yiuf (D:4)
  3 jellies
  A gnoll bouda (D:7)
  6 iguanas
  A killer bee zombie (D:5)
  16 gnolls
  5 adders
  An ufetubus (D:7)
  A worm (D:4)
  A dart slug (D:1)
  17 orcs
  10 bats
  4 endoplasms
  A giant cockroach (D:1)
  12 goblins
  2 hobgoblins
  4 jackals (D:1)
  2 kobolds
  A quokka (D:4)
  7 ball pythons
  3 frilled lizards
  2 rats
137 creatures vanquished.

Vanquished Creatures (others)
  4 plants (D:4)
4 creatures vanquished.

Grand Total: 141 creatures vanquished

Notes
Turn   | Place    | Note
-------+----------+-------------------------------------------
     0 | D:1      | Mesmaeker13 the Troll Berserker began the quest for the
                  | Orb.
     0 | D:1      | Reached XP level 1. HP: 22/22 MP: 0/0
   275 | D:1      | Noticed a great orb of eyes
   277 | D:1      | Found a faded altar of an unknown god.
   279 | D:1      | Noticed a shining eye
   279 | D:1      | Noticed a golden eye
   279 | D:1      | Noticed a shining eye
   374 | D:1      | Reached XP level 2. HP: 29/29 MP: 1/1
   834 | D:2      | Reached XP level 3. HP: 36/36 MP: 2/2
  1542 | D:3      | Reached XP level 4. HP: 44/44 MP: 3/3
  1624 | D:3      | Reached skill level 4 in Unarmed Combat
  1911 | D:3      | Found a white marble altar of Elyvilon.
  2028 | D:3      | Reached XP level 5. HP: 28/52 MP: 2/4
  2028 | D:3      | Reached ** piety under Trog
  2315 | D:4      | Found a hazy altar of Hepliaklqana.
  2328 | D:4      | Found an opulent altar of Gozag.
  2409 | D:4      | Reached skill level 5 in Unarmed Combat
  2414 | D:4      | Reached XP level 6. HP: 12/61 MP: 1/5
  2586 | D:4      | Found Pupnaum's Book Shoppe.
  2713 | D:4      | Reached skill level 1 in Evocations
  2716 | D:4      | Reached XP level 7. HP: 53/67 MP: 4/6
  3180 | D:4      | Found a runed translucent door.
  3181 | D:4      | Noticed Crazy Yiuf
  3240 | D:4      | Killed Crazy Yiuf
  3241 | D:4      | Reached skill level 1 in Stealth
  3311 | D:5      | Entered Level 5 of the Dungeon
  3316 | D:5      | Reached skill level 6 in Unarmed Combat
  3362 | D:5      | Noticed a hornet
  3371 | D:5      | Killed a hornet
  3407 | D:5      | Found a basalt altar of Yredelemnul.
  3475 | D:5      | Reached XP level 8. HP: 71/75 MP: 5/7
  3486 | D:5      | Reached skill level 7 in Unarmed Combat
  3697 | D:5      | Found a shadowy altar of Dithmenos.
  3702 | D:5      | Identified the +10 short sword of Compound Interest {holy,
                  | rC+ rN+ Will+ Int+3}
  3778 | D:5      | Found a shimmering blue altar of Sif Muna.
  4012 | D:6      | Reached skill level 1 in Throwing
  4137 | D:6      | Reached skill level 5 in Dodging
  4454 | D:6      | Found a hide-covered altar of Uskayaw.
  4486 | D:6      | Reached XP level 9. HP: 67/85 MP: 6/8
  4492 | D:6      | Reached *** piety under Trog
  4732 | D:6      | Found an ancient bone altar of Kikubaaqudgha.
  4866 | D:6      | Noticed Eustachio
  4879 | D:6      | Killed Eustachio
  4880 | D:6      | Reached skill level 8 in Unarmed Combat
  5036 | D:6      | Found a blossoming altar of Fedhas.
  5226 | D:7      | Found a large runed translucent door.
  5226 | D:7      | Found a large runed translucent door.
  5227 | D:7      | Found a corrupted altar of Lugonu.
  5415 | D:7      | Found a one-way gate to the infinite horrors of the Abyss.
  5451 | D:7      | Reached skill level 5 in Fighting
  5559 | D:7      | Found a broken altar of Ashenzari.
  5608 | D:7      | Noticed Prince Ribbit
  5639 | D:7      | HP: 3/132 [Prince Ribbit (7)]
  5640 | D:7      | Slain by Prince Ribbit

Illustrated notes

Levels and vault maps discovered:
D:1:      grunt_arrival_crossed_arrows, layout_loops_cross,
          hellmonk_ecumenical_altar_watching_god, wad_floor_pattern_untrapped,
          nicolae_hexahallways, corexii_corridor_pit
D:2:      layout_loops_cross
D:3:      layout_loops_cross, nicolae_elyvilon_temple_path
D:4:      layout_loops_ring, nicolae_hepliaklqana_hazy_memory,
          mainiacjoe_overflow_tiny_flanked, serial_shops, nicolae_diamond_shop,
          nicolae_titane, uniq_crazy_yiuf_cottage
D:5:      layout_basic, lemuel_zombie_altar_yredelemnul,
          grunt_dithmenos_smoke_and_mirrors, marbit_many_paths,
          minmay_splitting_lines, hangedman_decor_peaks_small
D:6:      cheibrodos_two_vegetables, layout_loops_ring,
          nicolae_uskayaw_murder_on_the_dancefloor,
          mainiacjoe_overflow_six_doors_small, kennysheep_little_box,
          uniq_eustachio
D:7:      due_chaos_kobolds, layout_basic, ashenzari_altar_1, temple_pool_b,
          uniq_prince_ribbit1

Skill      XL: |  1  2  3  4  5  6  7  8  9 |
---------------+----------------------------+-----
Dodging        | 3 4 5 |  5.8
Unarmed Combat | 4 5 6 7 8 |  8.3
Fighting       | 3 4 5 |  5.1
Evocations     | 1 2 3 4 |  4.0
Stealth        | 1 |  1.5
Throwing       | 2 3 |  3.6

Action                   |  1- 3 |  4- 6 |  7- 9 || total
-------------------------+-------+-------+-------++-------
Melee: Unarmed           |   111 |    93 |   274 ||   478
       Punch             |     2 |       |    20 ||    22
Invok: Trog's Hand       |       |       |     3 ||     3
Evoke: Wand              |       |       |     2 ||     2
  Use: Scroll            |     3 |     2 |     1 ||     6
       Potion            |       |     2 |     4 ||     6
 Stab: Paralysed         |       |       |     4 ||     4
       Sleeping          |       |       |     1 ||     1
Armor: Animal skin       |    50 |    28 |    52 ||   130
       Skin              |       |       |    12 ||    12
Dodge: Dodged            |    66 |    52 |   126 ||   244

Table legend: (Time is in decaauts)
 A = Elapsed time spent in this place.
 B = Non-inter-level travel time spent in this place.
 C = Inter-level travel time spent in this place.
 D = Time resting spent in this place.
 E = Time spent auto-exploring this place.
 F = Levels seen in this place.
 G = Mean time per level.
                   A        B        C        D        E       F      G
               +--------+--------+--------+--------+--------+-----+--------+
         Total |   5609 |   5439 |    170 |    363 |   4003 |   7 |  801.3 |
       Dungeon |   5609 |   5439 |    170 |    363 |   4003 |   7 |  801.3 |
               +--------+--------+--------+--------+--------+-----+--------+

Top non-repeatable levels by time:
     D:6: 1169 daAuts
     D:4: 1029 daAuts
     D:3: 846 daAuts
     D:1: 788 daAuts
     D:5: 653 daAuts
     D:2: 628 daAuts
     D:7: 494 daAuts
